 Dungeon Crawl Stone Soup version 0.23-a0-448-g1c01f63 (webtiles) character file.

7000 stupendous the Carver (level 11, -4/81 HPs)
             Began as a Formicid Fighter on Nov 20, 2018.
             Was an Elder of Okawaru.
             Slain by Sonja
             ... wielding a +3 dagger of distortion
              (14 damage)
             ... on level 10 of the Dungeon.
             The game lasted 00:22:51 (12014 turns).

stupendous the Carver (Formicid Fighter)           Turns: 12014, Time: 00:22:54

Health: -4/81      AC: 16    Str: 25    XL:     11   Next: 29%
Magic:  9/11       EV:  9    Int: 11    God:    Okawaru [****..]
Gold:   644        SH: 13    Dex: 13    Spells: 10/10 levels left

rFire    . . .     SeeInvis +   y - +1 scimitar (flame)
rCold    . . .     Gourm    .   c - +0 shield
rNeg     . . .     Faith    .   u - +0 plate armour
rPois    .         Spirit   .   (helmet unavailable)
rElec    .         Reflect  .   j - +0 cloak
rCorr    .         Harm     .   (no gloves)
MR       +....                  (no boots)
Stlth    ..........             (no amulet)
HPRegen  0.23/turn              g - +4 ring of strength
MPRegen  0.12/turn              m - +3 ring of intelligence

@: lethally poisoned (-4 -> -5), heroism, drained
A: permanent stasis, dig shafts and tunnels, four strong arms, antennae 3
a: Dig, Shaft Self, Heroism, Renounce Religion


You were on level 10 of the Dungeon.
You worshipped Okawaru.
Okawaru was greatly pleased with you.
You were not hungry.

You visited 2 branches of the dungeon, and saw 11 of its levels.

You collected 644 gold pieces.

Inventory:

Hand Weapons
 a - a +0 long sword
 r - a +3 long sword
 y - a +1 scimitar of flaming (weapon)
Armour
 b - a +0 scale mail
 c - a +0 shield (worn)
 h - a +0 chain mail
 j - a +0 cloak (worn)
 u - a +0 plate armour (worn)
Jewellery
 d - an uncursed ring of positive energy
 g - a +4 ring of strength (left hand)
 m - a +3 ring of intelligence (right hand)
 x - an uncursed ring of positive energy
Wands
 w - a wand of random effects (25)
 A - a wand of paralysis (18)
 B - a wand of scattershot (4)
Scrolls
 e - 3 scrolls of identify
 i - a scroll of magic mapping {unknown}
 k - 5 scrolls of remove curse
 l - 2 scrolls of immolation {unknown}
 n - 2 scrolls of enchant weapon {unknown}
 q - 2 scrolls of random uselessness {unknown}
 t - 3 scrolls of amnesia {unknown}
 v - a scroll of enchant armour {unknown}
Potions
 o - a potion of resistance
 p - a potion of lignification
 s - a potion of heal wounds
Comestibles
 f - 11 rations


   Skills:
 - Level 6.0(10.4) Fighting
 + Level 14.1(18.4) Long Blades
 - Level 6.0(10.4) Armour
 - Level 6.5(10.9) Shields


You had 10 spell levels left.
You didn't know any spells.
Your spell library contained the following spells:

 Spells                   Type           Power        Failure   Level  Hunger
 Beastly Appendage        Tmut           #.....       98%         1    ##.....
 Sticks to Snakes         Tmut           #.......     99%         2    ###....
 Spider Form              Tmut/Pois      #.........   100%        3    ####...
 Ice Form                 Ice/Tmut       #.......     100%        4    #####..
 Blade Hands              Tmut           #.........   100%        5    ######.


Dungeon Overview and Level Annotations

Branches:
Dungeon (10/15)            Temple (1/1) D:6
   Lair: D:8-11         Orc: D:9-12

Altars:
Ashenzari
Cheibriados
Dithmenos
Elyvilon
Fedhas
Gozag
Hepliaklqana
Kikubaaqudgha
Makhleb
Nemelex Xobeh
Okawaru
Qazlal
Ru
Sif Muna
Trog
Uskayaw
Vehumet
Wu Jian
Xom
Yredelemnul
Zin
The Shining One

Annotations:
D:10 exclusion: oklob plant, Sonja


Innate Abilities, Weirdness & Mutations

You cannot be hasted, slowed, berserked, paralysed or teleported.
You can dig through walls and to a lower floor.
Your four strong arms can wield two-handed weapons with a shield.
You have a pair of large antennae on your head. (SInv)


Message History

You feel sick. Sonja hits you but does no damage. Space bends around you.
* * * LOW HITPOINT WARNING * * *
You block Sonja's attack. x2
You feel much better.
Sonja hits you with a +3 dagger of distortion.
Sonja hits you but does no damage. Space warps horribly around you!
* * * LOW HITPOINT WARNING * * *
You block Sonja's attack.
You completely miss Sonja.
Sonja is heavily wounded.
Sonja zaps a wand.
Your stasis prevents you from being paralysed.
You barely miss Sonja.
Sonja is heavily wounded.
You feel sick.
Sonja hits you with a +3 dagger of distortion.
* * * LOW HITPOINT WARNING * * *
Sonja barely misses you. Sonja hits you but does no damage.
Space warps horribly around you!
You die...

......... ...
..........##PP.
........#..PPPPP. #......
........#≈.PP P.≈#......
........#..P P..#......
..........## .P##........
...........#...#.........
.........#...≈...#.......
..#.....@.#######........
##....K................
.#............(.........
........................
.........................
.........(........#[))...
........<........###)....
.................#......
...............)........


You could see Sonja.

Vanquished Creatures
  Erica (D:8)
  A two-headed ogre (D:9)
  Pikel (D:8)
  A centaur zombie (D:10)
  Joseph (D:7)
  Psyche (D:8)
  Prince Ribbit (D:7)
  An ice beast (D:9)
  4 sky beasts
  3 orc warriors
  A black bear (D:9)
  3 slaves
  A necrophage (D:9)
  7 ogres
  A centaur (D:8)
  A big kobold (D:7)
  3 bullfrogs
  A wyvern skeleton (D:8)
  3 scorpions
  9 killer bees
  A water moccasin skeleton (D:6)
  5 wights (D:8)
  2 bullfrog zombies
  6 crimson imps
  A quasit (D:8)
  Crazy Yiuf (D:3)
  2 bullfrog skeletons
  5 hounds
  3 orc priests
  2 jellies
  5 orc wizards
  2 iguanas (D:9)
  7 worker ants
  2 hound zombies
  4 gnolls (D:8)
  A howler monkey skeleton (D:4)
  17 adders
  2 shadow imps
  An adder skeleton (D:4)
  4 worms
  A dart slug (D:2)
  6 leopard geckos
  29 orcs
  3 giant cockroaches
  11 goblins
  11 hobgoblins
  17 jackals
  5 quokkas
  A ball python (D:2)
  2 bats (D:1)
  8 frilled lizards
  A giant cockroach zombie (D:6)
  15 kobolds
  A leopard gecko skeleton (D:4)
  6 rats
235 creatures vanquished.

Notes
Turn   | Place    | Note
-------+----------+-------------------------------------------
     0 | D:1      | stupendous the Formicid Fighter began the quest for the
                  | Orb.
     0 | D:1      | Reached XP level 1. HP: 18/18 MP: 1/1
    57 | D:1      | Reached XP level 2. HP: 22/24 MP: 2/2
   375 | D:1      | Reached XP level 3. HP: 27/29 MP: 3/3
   763 | D:2      | Reached XP level 4. HP: 32/37 MP: 4/4
   838 | D:2      | Found a basalt altar of Yredelemnul.
  1076 | D:2      | Reached XP level 5. HP: 42/42 MP: 5/5
  1148 | D:2      | Reached skill level 3 in Long Blades
  1641 | D:3      | Found a runed door.
  2622 | D:3      | Noticed Crazy Yiuf
  2631 | D:3      | Killed Crazy Yiuf
  2631 | D:3      | Reached XP level 6. HP: 43/49 MP: 6/6
  2723 | D:4      | Reached skill level 5 in Shields
  3329 | D:4      | Reached skill level 5 in Fighting
  3329 | D:4      | Reached XP level 7. HP: 46/56 MP: 7/7
  3331 | D:4      | Reached skill level 4 in Long Blades
  3331 | D:4      | Reached skill level 5 in Armour
  3340 | D:4      | HP: 1/56 [poisoned by a killer bee]
  4289 | D:5      | Entered Level 5 of the Dungeon
  4340 | D:5      | Reached XP level 8. HP: 39/63 MP: 8/8
  4524 | D:5      | Found a bloodstained altar of Trog.
  4972 | D:5      | Found a blossoming altar of Fedhas.
  5237 | D:6      | Found a staircase to the Ecumenical Temple.
  5242 | Temple   | Entered the Ecumenical Temple
  5270 | Temple   | Became a worshipper of Warmaster Okawaru
  5556 | D:6      | Reached skill level 5 in Long Blades
  6984 | D:5      | Reached skill level 6 in Long Blades
  7223 | D:6      | Reached XP level 9. HP: 69/69 MP: 9/9
  7243 | D:6      | Reached skill level 7 in Long Blades
  7439 | D:6      | Found a stormy altar of Qazlal.
  7647 | D:7      | Reached * piety under Okawaru
  7686 | D:7      | Noticed Prince Ribbit
  7944 | D:7      | Noticed Joseph
  7987 | D:7      | Killed Joseph
  7987 | D:7      | Reached skill level 8 in Long Blades
  7999 | D:7      | Killed Prince Ribbit
  7999 | D:7      | Reached skill level 9 in Long Blades
  8207 | D:7      | Reached ** piety under Okawaru
  8313 | D:7      | Reached skill level 10 in Long Blades
  9031 | D:8      | Noticed Erica
  9276 | D:8      | Killed Erica
  9276 | D:8      | Reached skill level 11 in Long Blades
  9276 | D:8      | Reached XP level 10. HP: 53/76 MP: 7/10
  9469 | D:8      | Found a hide-covered altar of Uskayaw.
  9617 | D:8      | Noticed Pikel
  9637 | D:8      | Killed Pikel
  9651 | D:8      | Reached *** piety under Okawaru
  9940 | D:8      | Reached skill level 12 in Long Blades
 10032 | D:8      | Noticed Psyche
 10040 | D:8      | Killed Psyche
 10358 | D:9      | Found a glowing silver altar of Zin.
 10505 | D:9      | Found a sparkling altar of Nemelex Xobeh.
 10596 | D:9      | Noticed a two-headed ogre
 10603 | D:9      | Killed a two-headed ogre
 10603 | D:9      | Reached **** piety under Okawaru
 10603 | D:9      | Reached skill level 13 in Long Blades
 10603 | D:9      | Reached XP level 11. HP: 81/81 MP: 8/11
 11025 | D:9      | Found an ornate altar of the Wu Jian Council.
 11163 | D:10     | Entered Level 10 of the Dungeon
 11500 | D:10     | Reached skill level 14 in Long Blades
 11589 | D:10     | Noticed an oklob plant
 11608 | D:10     | Reached ***** piety under Okawaru
 11664 | D:10     | Noticed Sonja
 12014 | D:10     | Slain by Sonja

Vault maps used:
D:1:      saegor_arrival_simple_a, minmay_pentomino_q4
D:2:      yredelemnul_altar_generic, first_ration
D:3:      uniq_crazy_yiuf_cottage
D:4:      small_statue_alley_b
D:5:      old_standard_altar, fedhas_altar_4
D:6:      kennysheep_mini_moat, temple_doors_e
D:7:      wander_river, uniq_joseph, uniq_prince_ribbit1
D:8:      marbit_many_paths, uniq_psyche, uniq_erica, uniq_pikel
D:9:      nicolae_overflow_hidden_temple, old_standard_altar, old_standard_altar
D:10:     dpeg_oklobed_lair, uniq_sonja
Temple:   minmay_temple_curvy_branch

Skill      XL: |  1  2  3  4  5  6  7  8  9 10 11 |
---------------+----------------------------------+-----
Shields        | 4 5 6 |  6.5
Fighting       | 4 5 6 |  6.0
Armour         | 4 5 6 |  6.0
Long Blades    | 3 4 6 11 13 14 | 14.1

Action                   |  1- 3 |  4- 6 |  7- 9 | 10-12 || total
-------------------------+-------+-------+-------+-------++-------
Melee: Long sword        |   115 |   218 |   372 |     3 ||   708
       Scimitar          |       |       |       |   235 ||   235
Invok: Heroism           |       |       |     2 |     5 ||     7
 Abil: Dig               |     3 |     1 |     2 |       ||     6
  Use: Potion            |       |     1 |     4 |     1 ||     6
       Scroll            |       |       |     6 |       ||     6
  Eat: Chunk             |       |     9 |    12 |     6 ||    27
       Ration            |       |       |     2 |     1 ||     3
Armor: Scale mail        |    61 |    68 |    35 |       ||   164
       Plate armour      |       |       |    95 |   105 ||   200
Dodge: Dodged            |    35 |    76 |    72 |    46 ||   229
Block: Shield            |    81 |   129 |   198 |   103 ||   511
       Rpst.: Long sword |    12 |    28 |    24 |       ||    64
       Scimitar          |       |       |       |    14 ||    14

Table legend:
 A = Non-vault XP
 B = Vault XP
 C = Vault XP percentage of total XP
 D = Non-vault monster count
 E = Vault monster count
 F = Vault count percentage of total count
                 A         B        C        D         E       F
            +---------+---------+-------+---------+---------+-------
      Total |    7266 |    2734 |  27.3 |     223 |       9 |   3.9
            +---------+---------+-------+---------+---------+-------
        D:1 |      42 |       4 |   8.7 |      27 |       2 |   6.9
        D:2 |     119 |       0 |   0.0 |      30 |       0 |   0.0
        D:3 |      94 |      42 |  30.9 |      24 |       1 |   4.0
        D:4 |     557 |       0 |   0.0 |      22 |       0 |   0.0
        D:5 |     538 |       0 |   0.0 |      14 |       0 |   0.0
        D:6 |     619 |       0 |   0.0 |      19 |       0 |   0.0
        D:7 |     848 |     722 |  46.0 |      22 |       2 |   8.3
        D:8 |     994 |    1966 |  66.4 |      22 |       4 |  15.4
        D:9 |    2466 |       0 |   0.0 |      28 |       0 |   0.0
       D:10 |     989 |       0 |   0.0 |      15 |       0 |   0.0
            +---------+---------+-------+---------+---------+-------
